 Dungeon Crawl Stone Soup version 0.29.1-1-gd02db6906a (webtiles) character file.

Game seed: 11836741881102386164

55687 Demigod47 the Bludgeoner (level 14, -20/127 HPs)
             Began as a Minotaur Fighter on Oct 11, 2022.
             Was the Champion of Jiyva.
             Demolished by a manticore (22 damage)
             ... summoned by Kirke
             ... on level 15 of the Dungeon.
             The game lasted 00:38:41 (12879 turns).

Demigod47 the Bludgeoner (Minotaur Fighter)        Turns: 12879, Time: 00:38:41

Health: -20/127    AC:  0    Str: 25    XL:     14   Next: 39%
Magic:  0/13       EV: 15    Int:  5    God:    Jiyva [******]
Gold:   643        SH:  0    Dex: 11    Spells: 13/13 levels left

rFire   . . .      SeeInvis .   (weapon currently unavailable)
rCold   . . .      Faith    .   (shield currently unavailable)
rNeg    . . .      Spirit   +   (body armour currently unavailable)
rPois   .          Reflect  .   (helmet currently unavailable)
rElec   .          Harm     .   (cloak currently unavailable)
rCorr   +          Rampage  .   (gloves currently unavailable)
Will    +....                   (boots currently unavailable)
Stlth   +++.......              k - amulet of guardian spirit
HPRegen 1.91/turn               (ring currently unavailable)
MPRegen 0.63/turn               (ring currently unavailable)

@: about to teleport, pig-form, spiked, slowed
A: fast, no casting, small, (horns 2), (retaliatory headbutt), (cold resistance
1), sense surroundings 1, (eyeballs 3), (pseudopods 1), (translucent skin 3),
evolution 1, (tendrils)
a: Renounce Religion, Oozemancy, Slimify


You were on level 15 of the Dungeon.
You worshipped Jiyva.
Jiyva was exalted by your worship.
You were a filthy swine.
You visited 1 branch of the dungeon, and saw 15 of its levels.
You also visited: Sewer, Ossuary and Bailey.

You collected 703 gold pieces.
You spent 60 gold pieces at shops.

Inventory:

Hand Weapons
 a - a +0 war axe of chaos
 p - a +1 mace of protection
 J - a +7 morningstar of draining (melded)
 L - the +7 Throatcutter {drain, coup de grace}
   (You found it on level 10 of the Dungeon)

   A truly terrible weapon, it drains the life of any living foe it strikes.
   It may instantly kill foes which have little health.
 O - a +3 double sword of protection
Missiles
 j - 16 poisoned darts (quivered)
 P - 9 javelins
Armour
 f - a +0 kite shield (melded)
 n - a +2 cloak of stealth (melded)
 q - a +2 ring mail of positive energy
 x - a +0 plate armour (melded)
 N - the +0 cloak "Kuebod" {rCorr Str+2}
   (You found it on level 11 of the Dungeon)

   Str:       It affects your strength (+2).
   rCorr:     It protects you from acid and corrosion.
Jewellery
 i - a ring of poison resistance
 k - an amulet of guardian spirit (around neck)
 r - a +4 ring of evasion (melded)
 t - a +6 ring of intelligence
 u - a +6 ring of strength (melded)
 v - a ring of flight
 z - an amulet of the acrobat
 Q - a ring of ice
 X - a +6 ring of intelligence
Wands
 c - a wand of quicksilver (2)
 w - a wand of flame (30)
 F - a wand of charming (5)
 I - a wand of polymorph (1)
 S - a wand of roots (10)
 U - a wand of mindburst (9)
 V - a wand of digging (5)
Scrolls
 e - 2 scrolls of blinking
 g - a scroll of teleportation
 l - 4 scrolls of magic mapping
 o - 2 scrolls of noise
 s - 4 scrolls of vulnerability
 y - 2 scrolls of enchant armour {unknown}
 B - 3 scrolls of fog
 C - a scroll of immolation
 E - 3 scrolls of poison
 M - 2 scrolls of fear
 R - a scroll of summoning {unknown}
 T - a scroll of amnesia {unknown}
 W - 3 scrolls of identify
Potions
 b - 2 potions of flight
 d - a potion of might
 h - 3 potions of brilliance
 m - 4 potions of lignification
 A - 2 potions of haste
 G - 2 potions of curing
 H - a potion of cancellation
 K - 2 potions of degeneration


   Skills:
 + Level 12.8 Fighting
 - Level 3.9(12.8) Axes
 * Level 18.7(18.8) Maces & Flails
 + Level 12.7 Armour
 + Level 3.3 Dodging
 + Level 6.3 Stealth
 + Level 13.9 Shields


You had 13 spell levels left.
You didn't know any spells.
Your spell library contained the following spells:

 Spells                   Type           Power      Damage    Failure   Level
 Magic Dart               Conj           0%         1d3       47%         1
 Necrotise                Necr           0%         1d4       47%         1
 Blink                    Tloc           0%         N/A       63%         2
 Call Imp                 Summ           0%         N/A       63%         2
 Sublimation of Blood     Necr           0%         N/A       63%         2
 Gell's Gravitas          Tloc           0%         N/A       85%         3
 Mephitic Cloud           Conj/Pois/Air  0%         N/A       85%         3
 Teleport Other           Tloc           0%         N/A       85%         3
 Vampiric Draining        Necr           0%         2d6       85%         3
 Corpse Rot               Necr/Pois/Air  0%         N/A       99%         4
 Dispel Undead            Necr           0%         3d6       99%         4
 Petrify                  Tmut/Erth      0%         N/A       99%         4
 Agony                    Necr           0%         N/A       100%        5
 Fireball                 Conj/Fire      0%         3d3       100%        5
 Irradiate                Conj/Tmut      0%         3d11      100%        5
 Iskenderun's Battlesphe  Conj           0%         2d6       100%        5
 Manifold Assault         Tloc           0%         N/A       100%        5
 Conjure Ball Lightning   Conj/Air       0%         3x3d6     100%        6
 Death Channel            Necr           0%         N/A       100%        6
 Dispersal                Tloc           0%         N/A       100%        6
 Orb of Destruction       Conj           0%         9d5       100%        7
 Storm Form               Tmut/Air       0%         N/A       100%        7


Dungeon Overview and Level Annotations

Branches:
Dungeon (15/15)            Temple (0/1) D:5            Lair (0/5) D:11
    Orc (0/2) D:9          Vaults (0/5) D:13         Depths (0/4) D:15
  Sewer (visited)         Ossuary (visited)          Bailey (visited)

Altars:
Ashenzari
Cheibriados
Hepliaklqana
Makhleb
Qazlal
Ru
Uskayaw
Wu Jian
Xom
Yredelemnul
Zin

Shops:
D:7 !

Annotations:
D:9 1 runed translucent door
D:15 Kirke


Innate Abilities, Weirdness & Mutations

You are a filthy swine.
You move quickly.
Your equipment is almost entirely melded.
You are incapable of wielding weapons or throwing items.
You cannot cast spells.
((You have a pair of horns on your head.))
((You reflexively headbutt those who attack you in melee.))
((Your flesh is cold resistant. (rC+)))
You passively map a small area around you.
((Your body is covered in eyes which may confuse attackers. (Acc +7, SInv)))
((Armour fits poorly on your pseudopods.))
((Your transparent skin significantly reduces your foes' accuracy. (Stealth+)))
You have hidden genetic potential.
((You are covered in slimy tendrils that may disarm your opponents.))


Message History

Kirke is severely wounded.
The hog seems less confused.
The hog bites you. Kirke hits you! The manticore bites you!!
The manticore claws you! The manticore claws you. The hog bites you.
You closely miss Kirke.
Kirke is severely wounded.
Kirke hits you!
* * * LOW HITPOINT WARNING * * *
The manticore bites you!
* * * LOW HITPOINT WARNING * * *
The manticore claws you.
* * * LOW HITPOINT WARNING * * *
The manticore misses you. The hog misses you.
Kirke points at you and mumbles some strange words.
You struggle to resist.
Kirke hits you.
* * * LOW HITPOINT WARNING * * *
The hog bites you.
* * * LOW HITPOINT WARNING * * *
Kirke attacks as you move away! Kirke hits you!
* * * LOW HITPOINT WARNING * * *
The hog attacks as you move away! The hog bites you.
* * * LOW HITPOINT WARNING * * *
The manticore flicks its tail.
The volley of spikes hits you!
The barbed spikes become lodged in your body.
* * * LOW HITPOINT WARNING * * *
You feel better. The hog bites you.
* * * LOW HITPOINT WARNING * * *
Kirke barely misses you. The hog barely misses you.
The barbs in your skin will harm you if you move.
Continue? [Y]es or [N]o only, please.
The barbs in your skin will harm you if you move.
Continue?
Okay, then.
As you read the scroll of teleportation, it crumbles to dust.
You feel strangely unstable. The hog bites you!
* * * LOW HITPOINT WARNING * * *
Kirke points at you and mumbles some strange words.
You feel a momentary urge to oink. The manticore bites you!!
You die...

, ................ #
................ .#######
................ ........
................,........ *
................ ........
..J.............,........
................ ........
.......Hh@.##############
........h..#............#
...........#............'
...........#............#
.........###............#
..######.#..............#
..#....'.#..............#
#....#.################
#....#.................
#....######.............####


You could see Kirke, a manticore (summoned), a hog and a neutral jelly
(wandering) (fellow slime).

Vanquished Creatures
  The ghost of Ficoysum the Skirmisher, a journeyman GnWn of Zin (D:14)
  A stone giant (D:15)
  The ghost of Earthwalker the Spear-Bearer, a journeyman MiMo of Elyvilon (D:11)
  A minotaur (D:14)
  An ice dragon (D:14)
  6 boulder beetles
  4 hydras
  3 vault guards
  A catoblepas (D:14)
  4 two-headed ogres
  9 centaur warriors
  Urug (D:12)
  4 tengu warriors
  Sonja (D:12)
  A deep elf archer (D:14)
  A wizard (D:14)
  2 orc knights (D:14)
  3 ugly things
  3 deep elf pyromancers (D:14)
  6 cyclopes
  9 manticores
  Joseph (D:8)
  2 centaur zombies (D:10)
  A smoke demon (D:15)
  Maurice (D:9)
  3 gargoyles
  A yaktaur (D:14)
  Maggie (D:8)
  3 freezing wraiths (D:14)
  A komodo dragon (D:11)
  2 unseen horrors
  4 tengu conjurers
  4 trolls
  A meliai (D:14)
  A blink frog (shapeshifter) (D:15)
  Prince Ribbit (Bailey)
  2 spriggans (shapeshifter) (D:15)
  Sigmund (D:4)
  2 wyverns (D:9)
  2 hogs (D:15)
  3 wraiths
  10 yaks
  6 humans (Bailey)
  13 vampire mosquitoes
  A redback (D:14)
  A redback simulacrum (D:14)
  2 acid dragons
  6 water moccasins
  7 orc warriors
  4 black bears
  2 ogres (D:5)
  19 centaurs
  3 phantoms
  14 bullfrogs
  3 kobold brigands
  4 necrophages
  10 scorpions
  6 wights
  6 water moccasin zombies (Ossuary)
  4 killer bees
  4 howler monkeys
  An electric eel (D:8)
  A hound (D:4)
  3 jellies
  4 orc priests
  Crazy Yiuf (D:2)
  Jessica (D:2)
  Ijyb (D:3)
  2 iguanas
  2 orc wizards
  2 mummies (Ossuary)
  11 gnolls
  6 adders
  A river rat (Sewer)
  7 adder zombies (Ossuary)
  4 worms
  4 dart slugs
  29 orcs
  7 ball pythons
  13 endoplasms
  7 giant cockroaches
  2 gnoll zombies (Ossuary)
  14 goblins
  10 hobgoblins
  6 jackals
  18 kobolds
  3 quokkas
  5 bats
  8 frilled lizards
  A goblin zombie (D:6)
  9 hobgoblin zombies (Ossuary)
  A jackal zombie (D:6)
  2 kobold zombies (Ossuary)
  8 orc zombies
  5 rats
  A butterfly (D:9)
425 creatures vanquished.

Vanquished Creatures (collateral kills)
  2 boulder beetles (D:14)
  A two-headed ogre (D:12)
  5 yaks (D:12)
  2 giant cockroaches (D:9)
10 creatures vanquished.

Vanquished Creatures (others)
  A centaur warrior (D:14)
  A glowing orange brain (shapeshifter) (D:14)
  An orc knight (D:14)
  A manticore (D:12)
  An unseen horror (D:13)
  2 slime creatures
  2 hogs (D:15)
  2 vampire mosquitoes (D:12)
  A steam dragon (D:6)
  An orc warrior (D:10)
  An ogre (shapeshifter) (D:15)
  A scorpion (D:5)
  6 killer bees
  39 jellies
  A hound (D:5)
  An orc wizard (D:10)
  2 adders
  A white imp (D:6)
  4 orcs
  An endoplasm (D:4)
  A giant cockroach (Sewer)
  A hobgoblin (D:4)
  2 quokkas
  A ball python (D:4)
  6 kobolds
  A butterfly (D:9)
  47 fungi (D:11)
  54 plants (D:11)
183 creatures vanquished.

Grand Total: 618 creatures vanquished

Notes
Turn   | Place    | Note
-------+----------+-------------------------------------------
     0 | D:1      | Demigod47 the Minotaur Fighter began the quest for the Orb.
     0 | D:1      | Reached XP level 1. HP: 19/19 MP: 0/0
    14 | D:1      | Found a faded altar of an unknown god.
   227 | D:1      | Reached XP level 2. HP: 27/27 MP: 1/1
   978 | D:2      | Reached XP level 3. HP: 33/33 MP: 2/2
  1073 | D:2      | Noticed Jessica
  1088 | D:2      | Killed Jessica
  1262 | D:2      | Reached XP level 4. HP: 36/40 MP: 3/3
  1700 | D:2      | Found a runed translucent door.
  1701 | D:2      | Noticed Crazy Yiuf
  1706 | D:2      | Killed Crazy Yiuf
  1997 | D:3      | Reached skill level 5 in Armour
  2226 | D:3      | Noticed Ijyb
  2242 | D:3      | Reached XP level 5. HP: 41/46 MP: 2/4
  2250 | D:3      | Killed Ijyb
  2485 | D:3      | Found a glowing drain.
  2504 | Sewer    | Entered a sewer
  2658 | Sewer    | Reached skill level 1 in Maces & Flails
  2806 | Sewer    | Found a viscous altar of Jiyva.
  2810 | Sewer    | Reached skill level 2 in Maces & Flails
  2819 | Sewer    | Reached XP level 6. HP: 32/53 MP: 3/5
  2844 | Sewer    | Became a worshipper of Jiyva Joadofo the Shapeless
  3068 | D:3      | Reached skill level 1 in Dodging
  3180 | D:3      | Reached skill level 3 in Maces & Flails
  3619 | D:4      | Reached skill level 4 in Maces & Flails
  3856 | D:4      | Reached * piety under Jiyva
  3886 | D:4      | Noticed Sigmund
  3895 | D:4      | Reached XP level 7. HP: 57/60 MP: 4/6
  3896 | D:4      | Killed Sigmund
  3897 | D:4      | Reached skill level 5 in Maces & Flails
  4213 | D:4      | Identified the +0 mace "Siunuar" {drain, rElec}
  4342 | D:4      | Found a glowing silver altar of Zin.
  4343 | D:4      | Found an ornate altar of the Wu Jian Council.
  4432 | D:5      | Entered Level 5 of the Dungeon
  4474 | D:5      | Reached skill level 5 in Fighting
  4474 | D:5      | Reached skill level 5 in Shields
  4475 | D:5      | Found a staircase to the Ecumenical Temple.
  4481 | D:5      | Reached skill level 6 in Maces & Flails
  4481 | D:5      | Reached skill level 1 in Stealth
  4602 | D:5      | Reached XP level 8. HP: 68/68 MP: 7/7
  4620 | D:5      | Reached ** piety under Jiyva
  4637 | D:5      | Reached skill level 7 in Maces & Flails
  4956 | D:5      | Found a hazy altar of Hepliaklqana.
  5013 | D:6      | Found a shimmering altar of Xom.
  5083 | D:6      | Found a sand-covered staircase.
  5117 | Ossuary  | Entered an ossuary
  5148 | Ossuary  | Reached skill level 8 in Maces & Flails
  5272 | Ossuary  | Reached skill level 9 in Maces & Flails
  5395 | D:6      | Reached *** piety under Jiyva
  5411 | D:6      | Found a stormy altar of Qazlal.
  5507 | D:6      | Gained mutation: Your melee attacks may engulf your foes in
                  | ooze. [Jiyva's grace]
  5507 | D:6      | Gained mutation: Your body has grown eyes which may confuse
                  | attackers. (Acc +3) [Jiyva's grace]
  5507 | D:6      | Gained mutation: Your body has grown many eyes which may
                  | confuse attackers. (Acc +5) [Jiyva's grace]
  5507 | D:6      | Gained mutation: Your body is covered in eyes which may
                  | confuse attackers. (Acc +7, SInv) [Jiyva's grace]
  5591 | D:6      | Found a broken altar of Ashenzari.
  5681 | D:6      | Found a sacrificial altar of Ru.
  5895 | D:7      | Reached **** piety under Jiyva
  5900 | D:7      | Reached XP level 9. HP: 75/75 MP: 8/8
  5930 | D:7      | Found a flagged portal.
  5946 | Bailey   | Entered a bailey
  5957 | Bailey   | Reached skill level 10 in Maces & Flails
  6030 | Bailey   | Reached skill level 11 in Maces & Flails
  6132 | Bailey   | Reached skill level 12 in Maces & Flails
  6148 | Bailey   | Reached XP level 10. HP: 84/84 MP: 9/9
  6160 | Bailey   | Noticed Prince Ribbit
  6160 | Bailey   | Noticed a vault guard
  6170 | Bailey   | Killed a vault guard
  6188 | Bailey   | Killed Prince Ribbit
  6209 | Bailey   | Noticed a vault guard
  6224 | Bailey   | Killed a vault guard
  6326 | D:7      | Found Useogg's Distillery.
  6331 | D:7      | Bought a potion of heal wounds for 60 gold pieces
  6719 | D:7      | Found a snail-covered altar of Cheibriados.
  6849 | D:8      | Found a hide-covered altar of Uskayaw.
  6893 | D:8      | Reached skill level 13 in Maces & Flails
  6957 | D:8      | Reached ***** piety under Jiyva
  7041 | D:8      | Noticed Joseph
  7052 | D:8      | Killed Joseph
  7243 | D:8      | Noticed Maggie
  7260 | D:8      | Killed Maggie
  7474 | D:9      | Found a runed translucent door.
  7476 | D:9      | Found a runed translucent door.
  7545 | D:9      | Noticed Maurice
  7562 | D:9      | Reached XP level 11. HP: 91/94 MP: 10/10
  7565 | D:9      | Killed Maurice
  7770 | D:9      | Found a staircase to the Orcish Mines.
  7794 | D:9      | Reached skill level 14 in Maces & Flails
  7801 | D:9      | Lost mutation: Your body is covered in eyes which may
                  | confuse attackers. (Acc +7, SInv) [Jiyva's grace]
  7801 | D:9      | Gained mutation: You are covered in slimy tendrils that may
                  | disarm your opponents. [Jiyva's grace]
  7801 | D:9      | Gained mutation: Your translucent skin slightly reduces
                  | your foes' accuracy. (Stealth+) [Jiyva's grace]
  7801 | D:9      | Gained mutation: Your translucent skin reduces your foes'
                  | accuracy. (Stealth+) [Jiyva's grace]
  7801 | D:9      | Gained mutation: Your transparent skin significantly
                  | reduces your foes' accuracy. (Stealth+) [Jiyva's grace]
  7928 | D:9      | Noticed a two-headed ogre
  7937 | D:9      | Killed a two-headed ogre
  8296 | D:10     | Entered Level 10 of the Dungeon
  8323 | D:10     | Found the +7 Throatcutter {drain, coup de grace}
  8487 | D:10     | Found a basalt altar of Yredelemnul.
  8890 | D:11     | Reached ****** piety under Jiyva
  8903 | D:11     | Found a staircase to the Lair.
  8932 | D:11     | Noticed a two-headed ogre
  8938 | D:11     | Reached skill level 15 in Maces & Flails
  8941 | D:11     | Killed a two-headed ogre
  9011 | D:11     | Noticed a cyan ugly thing
  9022 | D:11     | Killed a cyan ugly thing
  9022 | D:11     | Noticed a two-headed ogre
  9032 | D:11     | Killed a two-headed ogre
  9255 | D:11     | You fall into a shaft and drop 3 floors!
  9257 | D:14     | Noticed a two-headed ogre
  9257 | D:14     | Noticed a centaur warrior
  9258 | D:14     | Noticed a five-headed hydra
  9262 | D:14     | Noticed a boulder beetle
  9263 | D:14     | Noticed a centaur warrior
  9264 | D:14     | Noticed a boulder beetle
  9269 | D:14     | Noticed a catoblepas
  9274 | D:14     | Killed a two-headed ogre
  9275 | D:14     | Reached skill level 16 in Maces & Flails
  9275 | D:14     | Reached XP level 12. HP: 97/104 MP: 11/11
  9275 | D:14     | Noticed a centaur warrior
  9278 | D:14     | Noticed a seven-headed hydra
  9288 | D:14     | Killed a centaur warrior
  9296 | D:15     | Entered Level 15 of the Dungeon
  9296 | D:15     | Noticed a boulder beetle
  9296 | D:15     | Lost mutation: Your body has grown many eyes which may
                  | confuse attackers. (Acc +5) [Jiyva's grace]
  9296 | D:15     | Lost mutation: Your melee attacks may engulf your foes in
                  | ooze. [Jiyva's grace]
  9296 | D:15     | Gained mutation: Your melee attacks may engulf your foes in
                  | ooze. [Jiyva's grace]
  9296 | D:15     | Gained mutation: You have hidden genetic potential.
                  | [Jiyva's grace]
  9296 | D:15     | Gained mutation: You have great hidden genetic potential.
                  | [Jiyva's grace]
  9296 | D:15     | Gained mutation: Your body has grown many eyes which may
                  | confuse attackers. (Acc +5) [Jiyva's grace]
  9325 | D:15     | Killed a boulder beetle
  9326 | D:15     | Reached skill level 5 in Stealth
  9334 | D:15     | Noticed a tengu warrior
  9354 | D:14     | Reached skill level 10 in Armour
  9359 | D:14     | Killed a seven-headed hydra
  9360 | D:14     | Reached skill level 10 in Shields
  9391 | D:14     | Noticed a centaur warrior
  9405 | D:14     | Killed a centaur warrior
  9418 | D:14     | Killed a centaur warrior
  9423 | D:14     | Noticed a boulder beetle
  9502 | D:13     | Noticed a centaur warrior
  9502 | D:13     | Noticed a centaur warrior
  9513 | D:13     | Killed a centaur warrior
  9555 | D:12     | Noticed an eight-headed hydra
  9561 | D:12     | Killed an eight-headed hydra
  9566 | D:12     | Noticed Sonja
  9579 | D:12     | Reached skill level 10 in Fighting
  9869 | D:11     | Found a runed translucent gate.
  9869 | D:11     | Noticed Earthwalker's ghost (journeyman MiMo)
  9870 | D:11     | Found a runed translucent gate.
  9871 | D:11     | Found a runed translucent gate.
  9872 | D:11     | Identified the +0 chain mail of Analysis {rElec rC++}
 10085 | D:11     | Killed Earthwalker's ghost
 10128 | D:11     | Identified the +0 cloak "Kuebod" {rCorr Str+2}
 10261 | D:12     | Noticed Urug
 10261 | D:12     | Noticed a two-headed ogre
 10276 | D:12     | Killed Urug
 10276 | D:12     | Killed a two-headed ogre
 10409 | D:12     | Reached skill level 17 in Maces & Flails
 10471 | D:12     | Killed Sonja
 10693 | D:13     | Noticed a five-headed hydra
 10694 | D:13     | Noticed a centaur warrior
 10711 | D:13     | Reached XP level 13. HP: 114/114 MP: 12/12
 10743 | D:13     | Gained mutation: Your flesh is cold resistant. (rC+)
                  | [hidden potential]
 10883 | D:13     | Found a snail-covered altar of Cheibriados.
 11183 | D:13     | Found a gate to the Vaults.
 11464 | D:14     | Found a runed translucent gate.
 11464 | D:14     | Found a runed translucent gate.
 11464 | D:14     | Found a runed translucent gate.
 11467 | D:14     | Noticed a minotaur
 11468 | D:14     | Noticed Ficoysum's ghost (journeyman GnWn)
 11574 | D:14     | Reached skill level 18 in Maces & Flails
 12086 | D:14     | Lost mutation: Your body has grown many eyes which may
                  | confuse attackers. (Acc +5) [Jiyva's grace]
 12086 | D:14     | Lost mutation: Your body has grown eyes which may confuse
                  | attackers. (Acc +3) [Jiyva's grace]
 12086 | D:14     | Lost mutation: Your melee attacks may engulf your foes in
                  | ooze. [Jiyva's grace]
 12086 | D:14     | Gained mutation: Your body has grown eyes which may confuse
                  | attackers. (Acc +3) [Jiyva's grace]
 12086 | D:14     | Gained mutation: Your body has grown many eyes which may
                  | confuse attackers. (Acc +5) [Jiyva's grace]
 12086 | D:14     | Gained mutation: Your body is covered in eyes which may
                  | confuse attackers. (Acc +7, SInv) [Jiyva's grace]
 12086 | D:14     | Gained mutation: Armour fits poorly on your pseudopods.
                  | [Jiyva's grace]
 12092 | D:14     | Reached XP level 14. HP: 123/126 MP: 13/13
 12280 | D:14     | Gained mutation: You passively map a small area around you.
                  | [hidden potential]
 12280 | D:14     | Lost mutation: You have great hidden genetic potential.
                  | [hidden potential expressed]
 12298 | D:14     | Killed Ficoysum's ghost
 12593 | D:15     | Found a burning altar of Makhleb.
 12754 | D:15     | Noticed a stone giant
 12759 | D:15     | Killed a stone giant
 12764 | D:15     | Found a staircase to the Depths.
 12857 | D:15     | Noticed Kirke
 12876 | D:15     | HP: 6/127 [hog[Kirke] (2)]
 12879 | D:15     | HP: 2/127 [hog[Kirke] (13)]
 12879 | D:15     | Demolished by a manticore

Illustrated notes

Levels and vault maps discovered:
D:1:      amcnicky_arrival_gap_in_the_tavern_cellar, layout_basic,
          ebering_ecumenical_altar_mist
D:2:      layout_basic, uniq_jessica, uniq_crazy_yiuf_cottage
D:3:      layout_basic, cheibrodos_sewer_entry_sluice, uniq_ijyb
D:4:      minmay_bubble_buster, layout_basic, gammafunk_temple_overflow_statue,
          uniq_sigmund
D:5:      minmay_angry_zag, layout_rooms, lemuel_tele_altar, temple_statues
D:6:      layout_basic, hangedman_ru_absence, mainiacjoe_overflow_catwalk,
          mainiacjoe_overflow_six_doors_small, kennysheep_mini_moat,
          enter_ossuary_3
D:7:      layout_basic, nicolae_overflow_hidden_temple, enter_bailey_5,
          serial_shops, shop_fountains
D:8:      layout_basic, eat_drink_and_be_merry_uskayaw, uniq_maggie, uniq_joseph
D:9:      lemuel_insect_pit, layout_long_grid, david_orc_2, uniq_maurice
D:10:     layout_cave_pools, lemuel_zombie_altar_yredelemnul
D:11:     layout_loops_ring, due_lair_maze_entry_diamond,
          biasface_ghost_orc_armoury
D:12:     layout_rooms, uniq_sonja, uniq_urug
D:13:     layout_cross, david_vaults_5, corexii_hall_statues_i,
          hangedman_abyss_or_decor_stagger, cheibriados_altar_1
D:14:     minmay_the_grid_square_5x5_4x4
          [minmay_the_grid_square_5x5_spiral_small,
          minmay_the_grid_square_5x5_hourglass,
          minmay_the_grid_square_5x5_eight, minmay_the_grid_square_5x5_inset,
          minmay_the_grid_square_5x5_inner_z,
          minmay_the_grid_square_5x5_prize_itemx,
          minmay_the_grid_square_5x5_prize_rear_guard,
          minmay_the_grid_square_5x5_inner_v, minmay_the_grid_square_5x5_empty,
          minmay_the_grid_square_5x5_prize_junk,
          minmay_the_grid_square_5x5_prize_deathbox,
          minmay_the_grid_square_5x5_shrine2,
          minmay_the_grid_square_5x5_detours,
          minmay_the_grid_square_5x5_pentomino_r,
          minmay_the_grid_square_5x5_checkered_sparse,
          minmay_the_grid_square_5x5_percent], layout_basic,
          maelrawn_ghost_gauntlet_escape, gauntlet_entry_generic,
          grunt_tough_drop
D:15:     grunt_enter_depths_snipers, layout_irregular_city, demons_altar,
          uniq_kirke

Skill      XL: |  1  2  3  4  5  6  7  8  9 10 11 12 13 |
---------------+----------------------------------------+-----
Shields        | 4 5 6 7 8 9 11 13 | 13.9
Armour         | 4 5 6 7 8 9 11 12 | 12.7
Fighting       | 4 5 6 7 9 10 12 | 12.8
Axes           | 3 |  3.9
Maces & Flails | 2 4 6 9 12 13 16 17 18 | 18.7
Dodging        | 1 2 3 |  3.3
Stealth        | 1 2 4 5 6 |  6.3

Action                   |  1- 3 |  4- 6 |  7- 9 | 10-12 | 13-15 || total
-------------------------+-------+-------+-------+-------+-------++-------
Melee: War axe           |    55 |    38 |       |       |       ||    93
       Headbutt          |     8 |    24 |    67 |    95 |    76 ||   270
       Mace              |       |   132 |   316 |   224 |       ||   672
       Morningstar       |       |       |       |   230 |   292 ||   522
       Pseudopods        |       |       |       |       |    32 ||    32
       Unarmed           |       |       |       |       |     7 ||     7
Invok: Oozemancy         |       |       |       |       |     1 ||     1
  Use: Scroll            |       |     3 |     7 |    11 |     1 ||    22
       Potion            |       |     4 |     5 |     4 |     5 ||    18
 Stab: Sleeping          |       |     1 |     1 |       |       ||     2
       Confused          |       |       |     8 |    19 |    11 ||    38
Armor: Scale mail        |    31 |    35 |       |       |       ||    66
       Ring mail         |       |    87 |    18 |       |       ||   105
       Plate armour      |       |       |   150 |   230 |   116 ||   496
Dodge: Dodged            |    38 |   105 |   110 |   291 |   165 ||   709
Block: Buckler           |    13 |    57 |     4 |       |       ||    74
       Kite shield       |       |       |   137 |   326 |   214 ||   677
